 Dungeon Crawl Stone Soup version 0.18-a0-1155-g296dcbc (console) character file.

15 FIQ the Insei (level 2, -3/26 HPs)
             Began as a Hill Orc Monk on Jan 23, 2016.
             Was a Believer of Beogh.
             Slain by a hound (5 damage)
             ... on level 4 of the Dungeon.
             The game lasted 00:02:38 (471 turns).

FIQ the Insei (Hill Orc Monk)                        Turns: 471, Time: 00:02:38

Health: -3/26      AC:  8    Str: 13    XL:     2   Next: 50%
Magic:  2/2        EV: 10    Int: 10    God:    Beogh [**....]
Gold:   0          SH:  0    Dex: 13    Spells: 0 memorised, 1 level left

rFire  . . .     SeeInvis .       - Unarmed
rCold  . . .     Gourm    .     h - +0 scale mail
rNeg   . . .     Faith    .     (no shield)
rPois  .         Spirit   .     (no helmet)
rElec  .         Dismiss  .     (no cloak)
rCorr  .         Reflect  .     (no gloves)
SustAt .         Harm     .     g - +0 pair of boots
MR     .....                    (no amulet)
Stlth  ..........               (no ring)
                                d - ring of wizardry

@: not resistant to hostile enchantments, extremely unstealthy
A: no striking features
a: Smiting, Renounce Religion


You were on level 4 of the Dungeon.
You worshipped Beogh.
Beogh was pleased with you.
You were not hungry.

You visited 1 branch of the dungeon, and saw 5 of its levels.

Inventory:

Armour
 g - a +0 pair of boots (worn)
 h - a +0 scale mail (worn)
Jewellery
 d - a ring of wizardry (left hand)
Scrolls
 e - 2 scrolls of identify {unknown}
Comestibles
 b - a bread ration
 c - 3 chunks of flesh
 f - a beef jerky


   Skills:
 - Level 3.6 Fighting
 + Level 2.2 Armour
 - Level 2.4 Dodging
 - Level 1.5 Stealth
 - Level 4.3 Unarmed Combat


You had one spell level left.
You didn't know any spells.

Dungeon Overview and Level Annotations

Branches:
Dungeon (5/15)
 Temple: D:4-7

Altars:

Annotations:
D:3 Terence


Message History

The phantom blinks!
The phantom blinks!
The phantom blinks!
A hound comes into view.
The hound barks!
A giant gecko comes into view.
The hound bites you.
Found a scale mail.
The hound bites you.
* * * LOW HITPOINT WARNING * * *
The hound bites you but does no damage. The hound misses you.
You aren't carrying any potions.
The phantom blinks!
The hound bites you but does no damage. The hound bites you.
* * * LOW HITPOINT WARNING * * *
The phantom hits you but does no damage.
The hound bites you.
You die...

...........#
###........###### .
#.............#..
#...........#.... ....
#....##.........# ......
#..##.#####...##.##.......
#.###[#####>......#..>...#
.........................##
.#.########...............#
........###...<...........#
.........##..÷..@.........#
..........#.....hl........#
..........#....wW.........#
....<.....#...........[....
.§.........................
............#..............
.................o.........
.........#####.#....o......
..#.....## #.............
.######## ##.##........# ##
..#..o.......


You could see a phantom, a worm, a hound, a giant gecko, a neutral orc priest
(wandering) and a neutral orc (wandering).

Vanquished Creatures
  An adder (D:4)
  A bat (D:1)
  A giant cockroach (D:2)
  2 goblins (D:2)
  A jackal (D:4)
  A quokka (D:4)
  A giant newt (D:2)
  3 kobolds
  A rat (D:1)
12 creatures vanquished.

Vanquished Creatures (others)
  A ball python (D:4)
1 creature vanquished.

Grand Total: 13 creatures vanquished

Notes
Turn   | Place    | Note
--------------------------------------------------------------
     0 | D:1      | FIQ the Hill Orc Monk began the quest for the Orb.
     0 | D:1      | Reached XP level 1. HP: 19/19 MP: 1/1
   115 | D:2      | Reached skill level 1 in Armour
   139 | D:2      | Reached XP level 2. HP: 21/26 MP: 2/2
   262 | D:3      | Noticed Terence
   394 | D:5      | Entered Level 5 of the Dungeon
   399 | D:4      | Became a worshipper of Beogh the Brigand
   399 | D:4      | Reached * piety under Beogh
   399 | D:4      | Reached ** piety under Beogh
   448 | D:4      | Noticed a phantom
   471 | D:4      | Slain by a hound

Vault maps used:
D:1:      eino_arrival_druids_welcome
D:2:      hangedman_decor_opposing
D:3:      lemuel_castle_with_subvaults, ecumenical_altar_2,
          okawaru_ov_weapons_minmay, uniq_sigmund, uniq_terence, uniq_robin
D:4:      grunt_temple_overflow_open, nicolae_ossuary_entry_ruins,
          nemelex_spade_bored_becter
D:5:      vehumet_crystals, first_bread, cheibriados_altar_1

Action                   || total
-------------------------++-------
Melee: Unarmed           ||    50
Invok: Convert to Beogh  ||     1
  Use: Scroll            ||     1
 Stab: Sleeping          ||     2
